 Dungeon Sprint DCSS version 0.31-a0-716-gc7603755dd (webtiles) character file.

Game seed: 9887732900643555140

483 rocky1 the Carver (level 7, -1/57 HPs)
             Began as a Djinni Fighter on Sept 11, 2023.
             Was an Initiate of Gozag.
             Slain by a fire elemental (3 damage)
             ... summoned by a deep elf pyromancer
             ... in the Dungeon (Sprint III: "The Ten Rune Challenge").
             The game lasted 00:02:14 (1109 turns).

rocky1 the Carver (Djinni Fighter)                  Turns: 1109, Time: 00:02:15

Health: -1/57      AC:  7    Str: 15    XL:     7   Next: 35%
Gold:   273        EV: 10    Int: 10    God:    Gozag SH:  5 Dex: 14

rFire   + + .        a - +0 long sword
rCold   x . .        c - +0 buckler
rNeg    . . .        b - +0 scale mail
rPois   ∞            (no helmet)
rElec   .            (no cloak)
rCorr   .            (no gloves)
SInv    .            (boots unavailable)
Will    .....        (no amulet) Stlth
                     (no ring)
HPRegen 0.29/turn    (no ring)
MPRegen 0.00/turn

%: no teleportation, infuse magic (-2 HP)
@: flying
A: sickness immunity, fire resistance 2, cold vulnerability 1, float, innate
caster, HP casting, extra vitality 1
a: Renounce Religion, Potion Petition, Call Merchant, Bribe Branch


You were in the Dungeon.
You worshipped Gozag.
Gozag was aware of your devotion.
You visited 1 branch You collected 273 gold pieces.

Inventory:

Hand Weapons
 a - a +0 long sword (weapon)
Armour
 b - a +0 scale mail (worn)
 c - a +0 buckler (worn)
Wands
 h - a wand of polymorph (6)
Scrolls
 j - 2 scrolls of torment {unknown}
 k - 3 scrolls of identify
Potions
 d - a potion of might
 e - 6 potions of mutation
 l - a potion of enlightenment {unknown}
 m - a potion of degeneration {unknown}
Miscellaneous
 g - a phantom mirror


   Skills:
 + Level 6.6 Fighting
 * Level 10.3 Long Blades
 + Level 6.6 Armour
 + Level 2.7 Dodging
 + Level 5.1 Shields


You knew the following spells:

 Your Spells              Type           Power      Damage    Failure   Level
a - Apportation           Tloc           0%         N/A       86%         1
b - Momentum Strike       Conj/Tloc      0%         3d8       94%         2
c - Swiftness             Air            0%         N/A       99%         3
Your spell library was empty.

Dungeon Overview and Level Annotations

Branches:
Dungeon (1/1)

Altars:
Cheibriados
Dithmenos
Elyvilon
Fedhas
Gozag
Hepliaklqana
Makhleb
Nemelex Xobeh
Qazlal
Ru
Xom
Yredelemnul
Zin
The Shining One
Jiyva
Lugonu


Innate Abilities, Weirdness & Mutations

You are immune to sickness and miasma.
You are immune to poison.
Your flesh is very heat resistant. (rF++)
You are vulnerable to cold. (rC-)
You float through the air rather than walking.
You learn spells naturally, not from books.
Your magical power is your life essence.
You have superior vitality. (+4 MHP)


Message History

* * * LOW HITPOINT WARNING * * *
The fire elemental hits you.
* * * LOW HITPOINT WARNING * * *
The fire elemental burns you! You resist.
* * * LOW HITPOINT WARNING * * *
The fire elemental barely misses you.
The deep elf pyromancer mumbles some strange words.
The deep elf pyromancer blinks!
The fire elemental barely misses you. The fire elemental hits you.
The fire elemental burns you! You resist.
* * * LOW HITPOINT WARNING * * *
Unknown command.
You feel much better. The fire elemental hits you.
The fire elemental burns you! You resist.
* * * LOW HITPOINT WARNING * * *
The fire elemental hits you. The fire elemental burns you! You resist.
* * * LOW HITPOINT WARNING * * *
The fire elemental hits you. The fire elemental burns you! You resist.
* * * LOW HITPOINT WARNING * * *
The fire elemental barely misses you.
You hit the deep elf pyromancer.
The deep elf pyromancer is heavily wounded.
The fire elemental hits you.
* * * LOW HITPOINT WARNING * * *
The fire elemental burns you! You resist.
* * * LOW HITPOINT WARNING * * *
The deep elf pyromancer mumbles some strange words.
The deep elf pyromancer blinks!
The fire elemental hits you.
* * * LOW HITPOINT WARNING * * *
The fire elemental burns you! You resist.
* * * LOW HITPOINT WARNING * * *
The fire elemental closely misses you.
Blink to where?
Press: ? - help, Dir - move target
As you read the scroll of blinking, it crumbles to dust.
The deep elf pyromancer mumbles some strange words.
The deep elf pyromancer blinks!
Okay, then.
The fire elemental hits you. The fire elemental burns you! You resist.
You die...
Your body crumbles into a pile of gold.

▓▓▓▓▓▓▓▓▓ ▓▓▓ #..'....♣♣♣
♣.##### #### #..#....♣.♣
♣.#___# #__# ####......♣
♣.#!○.# #._#
...#....~♣♣♣♣♣.###E#+###)##
...#...~~...♣..#.○☼.......#
...#..~~~~.♣♣.e'EE........#
##'#..~≈≈~~~.♣.#@..######'#
..†#.~~≈~~~....#.⌠.#__#...#
...#.~≈~~~.....#...#__#...#
...#.~~~.......#+###__#...#
####...........# #__#...+
...............# #__'...#
▓▓▓▓▓▓▓▓▓▓▓▓▓▓▓▓ ▓▓▓▓▓▓▓▓


You could see a deep elf pyromancer and 3 fire elementals.

Vanquished Creatures
  A shadow (D)
  A spatial vortex (D)
  A necrophage (D)
  A water elemental (D)
  A jelly (D)
  A necromancer (D)
  A human (D)
  A wolf (D)
  2 endoplasms (D)
  2 rats (D)
12 creatures vanquished.

Notes
Turn   | Place    | Note
-------+----------+-------------------------------------------
     0 | D        | rocky1 the Djinni Fighter began the quest for the Orb.
     0 | D        | Reached XP level 1. HP: 20/20 MP: 0/0
     8 | D        | Reached skill level 2 in Long Blades
   183 | D        | Noticed a wolf
   192 | D        | HP: 1/20 [wolf (6)]
   194 | D        | Killed a wolf
   195 | D        | Reached XP level 2. HP: 5/26 MP: 0/0
   471 | D        | Reached skill level 3 in Long Blades
   471 | D        | Reached XP level 3. HP: 19/31 MP: 0/0
   471 | D        | Learned a level 1 spell: Apportation
   685 | D        | Noticed a water elemental
   692 | D        | Killed a water elemental
   693 | D        | Reached skill level 5 in Fighting
   693 | D        | Reached skill level 5 in Long Blades
   693 | D        | Reached skill level 1 in Dodging
   693 | D        | Reached XP level 4. HP: 35/39 MP: 0/0
   693 | D        | Reached XP level 5. HP: 39/43 MP: 0/0
   693 | D        | Learned a level 2 spell: Momentum Strike
   766 | D        | Reached skill level 6 in Long Blades
   766 | D        | Reached skill level 5 in Armour
   984 | D        | Noticed a shadow
   988 | D        | Killed a shadow
   989 | D        | Reached skill level 8 in Long Blades
   989 | D        | Reached skill level 5 in Shields
   989 | D        | Reached XP level 6. HP: 40/50 MP: 0/0
   994 | D        | Found a blossoming altar of Fedhas.
   994 | D        | Found a stormy altar of Qazlal.
   994 | D        | Found a snail-covered altar of Cheibriados.
   994 | D        | Found a burning altar of Makhleb.
   994 | D        | Found a shimmering altar of Xom.
   994 | D        | Noticed a spatial vortex
   995 | D        | Found a hazy altar of Hepliaklqana.
   995 | D        | Found an opulent altar of Gozag.
   995 | D        | Found a sparkling altar of Nemelex Xobeh.
   995 | D        | Found a corrupted altar of Lugonu.
   995 | D        | Found a viscous altar of Jiyva.
   999 | D        | Became a worshipper of Gozag Ym Sagoz the Greedy
  1013 | D        | Killed a spatial vortex
  1014 | D        | Reached skill level 9 in Long Blades
  1014 | D        | Reached XP level 7. HP: 51/57 MP: 0/0
  1014 | D        | Learned a level 3 spell: Swiftness
  1037 | D        | Found a basalt altar of Yredelemnul.
  1037 | D        | Found a shadowy altar of Dithmenos.
  1037 | D        | Found a sacrificial altar of Ru.
  1050 | D        | Reached skill level 10 in Long Blades
  1090 | D        | Found a glowing silver altar of Zin.
  1090 | D        | Found a glowing golden altar of the Shining One.
  1090 | D        | Found a white marble altar of Elyvilon.
  1091 | D        | Noticed a deep elf pyromancer
  1097 | D        | Noticed a fire elemental
  1097 | D        | Noticed a fire elemental
  1101 | D        | Noticed a fire elemental
  1101 | D        | Noticed a fire elemental
  1105 | D        | HP: 1/57 [fire elemental[a deep elf pyromancer] (4)]
  1109 | D        | Slain by a fire elemental

Illustrated notes

Levels and vault maps discovered:
D:        dungeon_sprint_mu [sprint_mu_entry_forest, sprint_mu_temple_rooms,
          sprint_mu_d1_horrors, sprint_mu_d2_genie, sprint_mu_d3_branching,
          sprint_mu_orc_legion, sprint_mu_elf_gauntlet, sprint_mu_hive_nellie,
          sprint_mu_lair_fedhas, sprint_mu_vaults_butterflies,
          sprint_mu_slime_circle, sprint_mu_shoals_archi,
          sprint_mu_snake_twists, sprint_mu_blade_basic,
          sprint_mu_crypt_fortress, sprint_mu_tomb_spiral,
          sprint_mu_vestibule_basic, sprint_mu_gehenna_hellfire,
          sprint_mu_dis_giant, sprint_mu_tartarus_statrot,
          sprint_mu_cocytus_islands, sprint_mu_zot1]

Skill      XL: |  1  2  3  4  5  6  7 |
---------------+----------------------+-----
Long Blades    | 2 3 5 8 9 10 | 10.3
Fighting       | 4 5 6 |  6.6
Armour         | 4 6 |  6.6
Shields        | 4 5 |  5.1
Dodging        | 1 2 |  2.7

Action                     |  1- 3 |  4- 6 |  7- 9 || total
---------------------------+-------+-------+-------++-------
  Melee: Long sword        |    48 |    20 |    25 ||    93
    Use: Potion            |     2 |     1 |     1 ||     4
         Scroll            |       |       |     1 ||     1
 Armour: Scale mail        |    26 |     5 |    47 ||    78
  Dodge: Dodged            |    19 |     2 |    19 ||    40
  Block: Buckler           |    10 |     2 |     1 ||    13

Table legend: (Time is in decaauts)
 A = Elapsed time spent in this place.
 B = Non-inter-level travel time spent in this place.
 C = Inter-level travel time spent in this place.
 D = Time resting spent in this place.
 E = Time spent auto-exploring this place.
 F = Levels seen in this place.
 G = Mean time per level.
                   A        B        C        D        E       F      G
               +--------+--------+--------+--------+--------+-----+--------+
         Total |   1113 |   1113 |      0 |    867 |      1 |   1 | 1113.0 |
       Dungeon |   1113 |   1113 |      0 |    867 |      1 |   1 | 1113.0 |
               +--------+--------+--------+--------+--------+-----+--------+

Top non-repeatable levels by time:
       D: 1113 daAuts
